| Goals | Penalties |
1. Penguins , Chase Wheatcroft 6 (Jamie Drysdale 19, Jakub Zboril 13) at 1:02
2. Moose , Simon Nemec 5 (Jackson Blake 9, Max Comtois 12) at 7:17
|
No Penalty
|
No Goal
|
Scott Sabourin (PIT) for Delaying the game (Minor) at 5:03 Bokondji Imama (PIT) for Hooking (Minor) at 8:04 Brendan Furry (PIT) for Roughing (Minor) at 11:24
|
3. Moose , Jackson Blake 7 (Connor Mackey 5, Justin Dowling 16) at 0:36 (PP)
4. Penguins , Scott Sabourin 14 (Valtteri Puustinen 30, Mark Jankowski 38) at 1:30
5. Moose , Simon Nemec 6 (Philippe Myers 3, Erik Portillo) at 16:39
|
Scott Sabourin (PIT) for Holding (Minor) at 0:22 Scott Sabourin (PIT) for Holding (Minor) at 3:58 Scott Sabourin (PIT) for Diving (Minor) at 12:50 Max Comtois (WPG) for Hooking (Minor) at 19:13
|
|
Erik Portillo (WPG), 22 saves from 24 shots - (0,917), W, 17-14-8, 60:00 minutes
Zach Fucale (PIT), 14 saves from 17 shots - (0,824), L, 21-13-5, 59:00 minutes
|
|
1 - Simon Nemec (WPG)
2 - Jackson Blake (WPG)
3 - Philippe Myers (WPG)
|
Referees : Brandon Schrader and Bill Hetherington
Linesman : Kendall Hanley and Erica Holmes
|
|
| No Game Note
|
| Team Name |
Goals |
Shots |
Shots Attemp |
Shots Blocked |
PIM |
HIT |
PP |
PK |
FO% |
| Moose |
3 | 17 | 34 | 15 | 2 | 13 | 1 / 6 (17%) | 0 | 53% |
| Penguins |
2 | 24 | 56 | 8 | 12 | 19 | 0 / 1 (0%) | 1 | 47% |
Moose
| Player Name |
POS |
G |
A |
P |
+/- |
PIM |
HIT |
SHT |
SB |
MP |
PP MP |
PP SHT |
PK MP |
PK SHT |
FO% |
FOT |
GA |
TA |
| Aarne Talvitie | C | 0 | 0 | 0 | 0 | 0 | 1 | 0 | 1 | 15:07 | 3:51 | 0 | 0:00 | 0 | 100% |
2 | 0 | 1 |
| Adam Klapka | C/RW | 0 | 0 | 0 | -1 | 0 | 2 | 1 | 0 | 21:17 | 5:09 | 0 | 0:37 | 0 | 0% |
0 | 0 | 0 |
| Aidan McDonough | LW | 0 | 0 | 0 | 0 | 0 | 0 | 0 | 0 | 2:58 | 0:00 | 0 | 0:00 | 0 | 0% |
0 | 0 | 0 |
| Akito Hirose | D | 0 | 0 | 0 | 0 | 0 | 0 | 0 | 1 | 12:21 | 0:00 | 0 | 0:02 | 0 | 0% |
0 | 0 | 1 |
| Ben Gleason | D | 0 | 0 | 0 | -2 | 0 | 1 | 0 | 2 | 21:17 | 5:40 | 0 | 0:44 | 0 | 0% |
0 | 2 | 0 |
| Buddy Robinson | RW | 0 | 0 | 0 | 1 | 0 | 1 | 0 | 2 | 16:17 | 3:26 | 0 | 0:00 | 0 | 50% |
2 | 0 | 0 |
| Connor Mackey | D | 0 | 1 | 1 | -2 | 0 | 1 | 2 | 1 | 21:43 | 6:35 | 2 | 0:02 | 0 | 0% |
0 | 0 | 1 |
| Darien Kielb | D | 0 | 0 | 0 | 0 | 0 | 0 | 0 | 0 | 3:49 | 0:00 | 0 | 0:00 | 0 | 0% |
0 | 0 | 0 |
| Jackson Blake | RW | 1 | 1 | 2 | 0 | 0 | 2 | 3 | 1 | 22:50 | 5:32 | 2 | 0:09 | 0 | 0% |
2 | 2 | 0 |
| Jimmy Schuldt | D | 0 | 0 | 0 | 0 | 0 | 0 | 0 | 0 | 15:38 | 2:56 | 0 | 0:00 | 0 | 0% |
0 | 0 | 1 |
| Josiah Slavin | LW | 0 | 0 | 0 | 0 | 0 | 0 | 0 | 0 | 9:28 | 0:33 | 0 | 0:09 | 0 | 0% |
0 | 0 | 0 |
| Justin Dowling | C/LW | 0 | 1 | 1 | 0 | 0 | 1 | 3 | 1 | 25:22 | 4:43 | 0 | 0:37 | 0 | 54% |
28 | 0 | 1 |
| Linus Weissbach | LW/RW | 0 | 0 | 0 | -1 | 0 | 0 | 1 | 1 | 20:23 | 4:19 | 0 | 0:00 | 0 | 0% |
0 | 1 | 0 |
| Matt Kiersted | D | 0 | 0 | 0 | 0 | 0 | 0 | 0 | 0 | 8:31 | 0:00 | 0 | 0:00 | 0 | 0% |
0 | 0 | 0 |
| Max Comtois | LW | 0 | 1 | 1 | 1 | 2 | 2 | 3 | 0 | 21:52 | 1:44 | 0 | 0:00 | 0 | 50% |
8 | 0 | 0 |
| Philippe Myers | D | 0 | 1 | 1 | 2 | 0 | 1 | 0 | 1 | 17:12 | 0:00 | 0 | 0:00 | 0 | 100% |
1 | 0 | 0 |
| Sammy Walker | LW/RW | 0 | 0 | 0 | 0 | 0 | 0 | 0 | 0 | 16:03 | 0:18 | 0 | 0:00 | 0 | 0% |
0 | 1 | 1 |
| Simon Nemec | D | 2 | 0 | 2 | 2 | 0 | 1 | 4 | 4 | 27:05 | 5:59 | 1 | 0:44 | 0 | 0% |
0 | 1 | 3 |
Penguins
| Player Name |
POS |
G |
A |
P |
+/- |
PIM |
HIT |
SHT |
SB |
MP |
PP MP |
PP SHT |
PK MP |
PK SHT |
FO% |
FOT |
GA |
TA |
| Alex Swetlikoff | C/LW/RW | 0 | 0 | 0 | 0 | 0 | 1 | 0 | 0 | 11:26 | 0:00 | 0 | 2:06 | 0 | 0% |
1 | 0 | 0 |
| Anthony Romano | C/LW/RW | 0 | 0 | 0 | 0 | 0 | 3 | 1 | 0 | 9:36 | 0:00 | 0 | 0:28 | 0 | 0% |
0 | 0 | 0 |
| Ben Berard | C/LW/RW | 0 | 0 | 0 | 0 | 0 | 2 | 1 | 0 | 15:22 | 0:20 | 0 | 2:55 | 0 | 0% |
1 | 2 | 0 |
| Ben Tardif | C/LW/RW | 0 | 0 | 0 | -1 | 0 | 2 | 0 | 0 | 13:45 | 0:00 | 0 | 0:00 | 0 | 0% |
0 | 1 | 0 |
| Bokondji Imama | LW | 0 | 0 | 0 | -1 | 2 | 0 | 1 | 0 | 13:56 | 0:00 | 0 | 0:00 | 0 | 100% |
1 | 0 | 1 |
| Brendan Furry | C/LW/RW | 0 | 0 | 0 | 0 | 2 | 0 | 1 | 0 | 14:15 | 0:20 | 0 | 1:39 | 0 | 17% |
6 | 0 | 0 |
| Chad Nychuk | D | 0 | 0 | 0 | 0 | 0 | 0 | 0 | 0 | 12:57 | 0:00 | 0 | 0:00 | 0 | 0% |
0 | 0 | 1 |
| Chase Wheatcroft | LW | 1 | 0 | 1 | 0 | 0 | 1 | 2 | 0 | 11:52 | 0:00 | 0 | 0:00 | 0 | 0% |
0 | 0 | 0 |
| Daniel D'Amato | C/LW/RW | 0 | 0 | 0 | 0 | 0 | 1 | 1 | 0 | 8:43 | 0:00 | 0 | 0:00 | 0 | 0% |
0 | 0 | 0 |
| Danny O'Regan | C/LW | 0 | 0 | 0 | -1 | 0 | 2 | 2 | 0 | 17:10 | 0:20 | 0 | 2:55 | 0 | 33% |
6 | 1 | 0 |
| Jakub Zboril | D | 0 | 1 | 1 | 1 | 0 | 0 | 1 | 1 | 25:38 | 0:40 | 0 | 5:42 | 0 | 0% |
0 | 1 | 1 |
| Jamie Drysdale | D | 0 | 1 | 1 | 1 | 0 | 0 | 5 | 0 | 24:40 | 0:40 | 0 | 4:27 | 0 | 0% |
0 | 0 | 3 |
| Keaton Thompson | D | 0 | 0 | 0 | 0 | 0 | 0 | 0 | 0 | 13:18 | 0:00 | 0 | 0:00 | 0 | 0% |
0 | 1 | 0 |
| Mark Jankowski | C/LW | 0 | 1 | 1 | 1 | 0 | 1 | 6 | 0 | 20:11 | 0:26 | 1 | 5:07 | 0 | 60% |
25 | 0 | 0 |
| Markus Niemelainen | D | 0 | 0 | 0 | -1 | 0 | 1 | 0 | 2 | 21:31 | 0:06 | 0 | 5:42 | 0 | 0% |
0 | 1 | 0 |
| Philip Kemp | D | 0 | 0 | 0 | -1 | 0 | 1 | 0 | 0 | 20:12 | 0:06 | 0 | 4:27 | 0 | 0% |
0 | 0 | 0 |
| Scott Sabourin | RW | 1 | 0 | 1 | 1 | 8 | 2 | 1 | 0 | 15:03 | 0:26 | 0 | 0:00 | 0 | 50% |
2 | 0 | 0 |
| Valtteri Puustinen | LW/RW | 0 | 1 | 1 | 1 | 0 | 2 | 2 | 5 | 20:10 | 0:26 | 0 | 5:08 | 0 | 0% |
1 | 2 | 1 |
Moose
| 5 vs 5 Forward |
|---|
| Line # | Left Wing | Center | Right Wing | PHY | DF | OF | Wanted % | Time % | Time Play |
| 1 | Max Comtois | Justin Dowling | Buddy Robinson | 1 | 2 | 2 | 40 | 30% | 14:44
|
| 2 | Linus Weissbach | Justin Dowling | Adam Klapka | 1 | 2 | 2 | 30 | 34% | 16:35
|
| 3 | Sammy Walker | Max Comtois | Jackson Blake | 1 | 2 | 2 | 20 | 26% | 12:28
|
| 4 | Jackson Blake | Aarne Talvitie | Justin Dowling | 1 | 2 | 2 | 10 | 10% | 4:52
|
| 5 vs 5 Defense |
|---|
| Line # | Defense | Defense | | PHY | DF | OF | Wanted % | Time % | Time Play |
| 1 | Simon Nemec | Philippe Myers | | 1 | 2 | 2 | 40 | 38% | 18:27
|
| 2 | Ben Gleason | Connor Mackey | | 1 | 2 | 2 | 30 | 26% | 12:37
|
| 3 | Matt Kiersted | Simon Nemec | | 1 | 2 | 2 | 20 | 18% | 8:34
|
| 4 | Akito Hirose | Jimmy Schuldt | | 1 | 2 | 2 | 10 | 19% | 9:01
|
| Power Play Forward |
|---|
| Line # | Left Wing | Center | Right Wing | PHY | DF | OF | Wanted % | Time % | Time Play |
| 1 | Jackson Blake | Justin Dowling | Adam Klapka | 1 | 2 | 2 | 60 | 63% | 6:23
|
| 2 | Linus Weissbach | Justin Dowling | Adam Klapka | 1 | 2 | 2 | 40 | 37% | 3:46
|
| Power Play Defense |
|---|
| Line # | Defense | Defense | | PHY | DF | OF | Wanted % | Time % | Time Play |
| 1 | Simon Nemec | Connor Mackey | | 1 | 2 | 2 | 60 | 65% | 6:38
|
| 2 | Ben Gleason | Connor Mackey | | 1 | 2 | 2 | 40 | 35% | 3:31
|
| Penalty Kill 4 Players Forward |
|---|
| Line # | Center | Wing | PHY | DF | OF | Wanted % | Time % | Time Play |
| 1 | Justin Dowling | Adam Klapka | 1 | 2 | 2 | 60 | 100% | 0:46
|
| 2 | Adam Klapka | Linus Weissbach | 1 | 2 | 2 | 40 | 0% | 0:00
|
| Penalty Kill 4 Players Defense |
|---|
| Line # | Defense | Defense | PHY | DF | OF | Wanted % | Time % | Time Play |
| 1 | Simon Nemec | Ben Gleason | 1 | 2 | 2 | 60 | 96% | 0:44
|
| 2 | Ben Gleason | Connor Mackey | 1 | 2 | 2 | 40 | 4% | 0:02
|
| Penalty Kill 3 Players |
|---|
| Line # | Wing | PHY | DF | OF | Wanted % | Time % | Time Play | Defense | Defense | PHY | DF | OF | Wanted % | Time % | Time Play |
| 1 | Justin Dowling | 1 | 2 | 2 | 60 | 0% | 0:00
| Simon Nemec | Connor Mackey | 1 | 2 | 2 | 60 | 0% | 0:00
|
| 2 | Adam Klapka | 1 | 2 | 2 | 40 | 0% | 0:00
| Ben Gleason | Connor Mackey | 1 | 2 | 2 | 40 | 0% | 0:00
|
| 4 vs 4 Forward |
|---|
| Line # | Center | Wing | PHY | DF | OF | Wanted % | Time % | Time Play |
| 1 | Justin Dowling | Jackson Blake | 1 | 2 | 2 | 60 | 0% | 0:00
|
| 2 | Adam Klapka | Linus Weissbach | 1 | 2 | 2 | 40 | 0% | 0:00
|
| 4 vs 4 Defense |
|---|
| Line # | Defense | | PHY | DF | OF | Wanted % | Time % | Time Play |
| 1 | Simon Nemec | Ben Gleason | 1 | 2 | 2 | 60 | 0% | 0:00
|
| 2 | Ben Gleason | Connor Mackey | 1 | 2 | 2 | 40 | 0% | 0:00
|
| Last Minutes Offensive |
|---|
| Left Wing | Center | Right Wing | Defense | Defense |
| Max Comtois | Justin Dowling | Buddy Robinson | Simon Nemec | Jimmy Schuldt |
| Last Minutes Defensive |
|---|
| Left Wing | Center | Right Wing | Defense | Defense |
| Max Comtois | Justin Dowling | Buddy Robinson | Simon Nemec | Jimmy Schuldt |
| Time |
|---|
| Total Forward | Total Defense | Last Minutes Offensive | Last Minutes Defensive |
| 60:00 |
60:00 |
0:00 | 0:26 |
| Extra Forwards |
|---|
| Normal | PowerPlay | Penalty Kill |
|
Jackson Blake, Justin Dowling, Linus Weissbach | Jackson Blake, Justin Dowling | Jackson Blake |
| Extra Defensemen |
|---|
| Normal | PowerPlay | Penalty Kill |
|
Simon Nemec, Akito Hirose, Jimmy Schuldt | Simon Nemec, Simon Nemec | Akito Hirose |
| Penalty Shots |
|---|
|
Linus Weissbach, Justin Dowling, Max Comtois, Adam Klapka, Jackson Blake |
| Goalie |
|---|
| Erik Portillo, Adam Scheel |
| Scratches |
|---|
|
Colton Dach (Healthy), Evan Nause (Healthy), Evan Vierling (Healthy), Gavin Brindley (Right Forearm Injury), Matthew Seminoff (Healthy)
Kole Sherwood (Healthy), Josh Dunne (Healthy), Ryan McGregor (Healthy), Tyler Angle (Healthy), Will Reilly (Healthy)
Devin Cooley (Healthy), Eetu Makiniemi (Healthy) |
Penguins
| 5 vs 5 Forward |
|---|
| Line # | Left Wing | Center | Right Wing | PHY | DF | OF | Wanted % | Time % | Time Play |
| 1 | Valtteri Puustinen | Mark Jankowski | Scott Sabourin | 1 | 2 | 2 | 43 | 33% | 16:05
|
| 2 | Bokondji Imama | Danny O'Regan | Ben Tardif | 1 | 2 | 2 | 31 | 28% | 13:44
|
| 3 | Chase Wheatcroft | Brendan Furry | Ben Berard | 0 | 3 | 2 | 20 | 23% | 10:59
|
| 4 | Anthony Romano | Alex Swetlikoff | Daniel D'Amato | 0 | 3 | 2 | 6 | 16% | 7:56
|
| 5 vs 5 Defense |
|---|
| Line # | Defense | Defense | | PHY | DF | OF | Wanted % | Time % | Time Play |
| 1 | Jamie Drysdale | Jakub Zboril | | 0 | 2 | 3 | 40 | 42% | 20:14
|
| 2 | Markus Niemelainen | Philip Kemp | | 0 | 2 | 3 | 30 | 29% | 13:58
|
| 3 | Chad Nychuk | Keaton Thompson | | 0 | 3 | 2 | 20 | 25% | 12:14
|
| 4 | Jamie Drysdale | Jakub Zboril | | 0 | 3 | 2 | 10 | 5% | 2:18
|
| Power Play Forward |
|---|
| Line # | Left Wing | Center | Right Wing | PHY | DF | OF | Wanted % | Time % | Time Play |
| 1 | Valtteri Puustinen | Mark Jankowski | Scott Sabourin | 1 | 2 | 2 | 60 | 57% | 0:26
|
| 2 | Ben Berard | Danny O'Regan | Brendan Furry | 1 | 2 | 2 | 40 | 43% | 0:20
|
| Power Play Defense |
|---|
| Line # | Defense | Defense | | PHY | DF | OF | Wanted % | Time % | Time Play |
| 1 | Jamie Drysdale | Jakub Zboril | | 1 | 2 | 2 | 60 | 87% | 0:40
|
| 2 | Markus Niemelainen | Philip Kemp | | 1 | 2 | 2 | 40 | 13% | 0:06
|
| Penalty Kill 4 Players Forward |
|---|
| Line # | Center | Wing | PHY | DF | OF | Wanted % | Time % | Time Play |
| 1 | Mark Jankowski | Valtteri Puustinen | 1 | 2 | 2 | 60 | 71% | 7:14
|
| 2 | Danny O'Regan | Ben Berard | 1 | 2 | 2 | 40 | 29% | 2:55
|
| Penalty Kill 4 Players Defense |
|---|
| Line # | Defense | Defense | PHY | DF | OF | Wanted % | Time % | Time Play |
| 1 | Markus Niemelainen | Jakub Zboril | 1 | 2 | 2 | 60 | 56% | 5:42
|
| 2 | Jamie Drysdale | Philip Kemp | 1 | 2 | 2 | 40 | 44% | 4:27
|
| Penalty Kill 3 Players |
|---|
| Line # | Wing | PHY | DF | OF | Wanted % | Time % | Time Play | Defense | Defense | PHY | DF | OF | Wanted % | Time % | Time Play |
| 1 | Mark Jankowski | 1 | 2 | 2 | 60 | 0% | 0:00
| Markus Niemelainen | Jakub Zboril | 1 | 2 | 2 | 60 | 0% | 0:00
|
| 2 | Danny O'Regan | 1 | 2 | 2 | 40 | 0% | 0:00
| Jamie Drysdale | Philip Kemp | 1 | 2 | 2 | 40 | 0% | 0:00
|
| 4 vs 4 Forward |
|---|
| Line # | Center | Wing | PHY | DF | OF | Wanted % | Time % | Time Play |
| 1 | Mark Jankowski | Valtteri Puustinen | 1 | 2 | 2 | 60 | 0% | 0:00
|
| 2 | Danny O'Regan | Ben Berard | 1 | 2 | 2 | 40 | 0% | 0:00
|
| 4 vs 4 Defense |
|---|
| Line # | Defense | | PHY | DF | OF | Wanted % | Time % | Time Play |
| 1 | Jamie Drysdale | Jakub Zboril | 1 | 2 | 2 | 60 | 0% | 0:00
|
| 2 | Markus Niemelainen | Philip Kemp | 1 | 2 | 2 | 40 | 0% | 0:00
|
| Last Minutes Offensive |
|---|
| Left Wing | Center | Right Wing | Defense | Defense |
| Valtteri Puustinen | Mark Jankowski | Scott Sabourin | Jamie Drysdale | Jakub Zboril |
| Last Minutes Defensive |
|---|
| Left Wing | Center | Right Wing | Defense | Defense |
| Valtteri Puustinen | Mark Jankowski | Scott Sabourin | Jamie Drysdale | Jakub Zboril |
| Time |
|---|
| Total Forward | Total Defense | Last Minutes Offensive | Last Minutes Defensive |
| 60:00 |
60:00 |
0:21 | 0:00 |
| Extra Forwards |
|---|
| Normal | PowerPlay | Penalty Kill |
|
Brendan Furry, Ben Tardif, Ben Berard | Brendan Furry, Ben Tardif | Brendan Furry |
| Extra Defensemen |
|---|
| Normal | PowerPlay | Penalty Kill |
|
Philip Kemp, Jamie Drysdale, Keaton Thompson | Philip Kemp, Philip Kemp | Chad Nychuk |
| Penalty Shots |
|---|
|
Mark Jankowski, Valtteri Puustinen, Scott Sabourin, Danny O'Regan, Brendan Furry |
| Goalie |
|---|
| Zach Fucale, Arvid Holm |
| Scratches |
|---|
|
Brett Budgell (Healthy), Alex-Olivier Voyer (Healthy), Brennan Saulnier (Healthy), Brandon Cutler (Healthy), Collin Adams (Healthy)
Patrick McGrath (Healthy), Robin Salo (Healthy), Ryan MacKinnon (Healthy), Alex Breton (Healthy), Carl Dahlström (Healthy)
Zane McIntyre (Healthy) |
Play-by-Play
1st period
0:01 of 1st period - Justin Dowling wins face-off versus Mark Jankowski in neutral zone.
0:03 of 1st period - Off-side.
0:04 of 1st period - Justin Dowling wins face-off versus Mark Jankowski in neutral zone.
0:19 of 1st period - Wrist shot by Justin Dowling.
0:19 of 1st period - Stopped by Zach Fucale with a rebound.
0:29 of 1st period - Slapshot by Max Comtois.
0:29 of 1st period - Stopped by Zach Fucale with a rebound.
0:31 of 1st period - Slapshot by Simon Nemec.
0:31 of 1st period - Shot Blocked by Valtteri Puustinen.
0:33 of 1st period - Wrist shot by Max Comtois.
0:33 of 1st period - Shot Blocked by Valtteri Puustinen.
0:35 of 1st period - Wrist shot by Jackson Blake.
0:35 of 1st period - Shot Misses the Net.
1:02 of 1st period - Wrist shot by Chase Wheatcroft.
1:02 of 1st period - Goal by Chase Wheatcroft - Moose : 0 - Penguins : 1.
1:03 of 1st period - Brendan Furry wins face-off versus Jackson Blake in neutral zone.
1:44 of 1st period - Wrist shot by Ben Berard.
1:44 of 1st period - Deflect By Brendan Furry.
1:44 of 1st period - Shot Misses the Net.
1:44 of 1st period - Puck is out of play.
1:45 of 1st period - Max Comtois wins face-off versus Danny O'Regan in Moose zone.
2:07 of 1st period - Icing by Chad Nychuk.
2:08 of 1st period - Mark Jankowski wins face-off versus Justin Dowling in Penguins zone.
2:33 of 1st period - Simon Nemec is hit by Ben Tardif.
3:45 of 1st period - Snap shot by Jamie Drysdale.
3:45 of 1st period - Shot Blocked by Simon Nemec.
3:47 of 1st period - Snap shot by Chase Wheatcroft.
3:47 of 1st period - Shot Misses the Net.
5:27 of 1st period - Bokondji Imama is hit by Philippe Myers.
6:25 of 1st period - Snap shot by Jackson Blake.
6:25 of 1st period - Shot Misses the Net.
6:27 of 1st period - Slapshot by Philippe Myers.
6:27 of 1st period - Shot Misses the Net.
7:13 of 1st period - Snap shot by Max Comtois.
7:13 of 1st period - Shot Misses the Net.
7:15 of 1st period - Snap shot by Jackson Blake.
7:15 of 1st period - Shot Blocked by Markus Niemelainen.
7:17 of 1st period - Slapshot by Simon Nemec.
7:17 of 1st period - Goal by Simon Nemec - Moose : 1 - Penguins : 1.
7:18 of 1st period - Scott Sabourin wins face-off versus Justin Dowling in neutral zone.
7:29 of 1st period - Backhand shot by Justin Dowling.
7:29 of 1st period - Shot Misses the Net.
7:31 of 1st period - Snap shot by Adam Klapka.
7:31 of 1st period - Stopped by Zach Fucale with a rebound.
7:33 of 1st period - Slapshot by Ben Gleason.
7:33 of 1st period - Deflect By Justin Dowling.
7:33 of 1st period - Stopped by Zach Fucale with a rebound.
7:52 of 1st period - Slapshot by Jamie Drysdale.
7:52 of 1st period - Stopped by Erik Portillo with a rebound.
8:31 of 1st period - Akito Hirose is hit by Anthony Romano and loses puck.
8:36 of 1st period - Snap shot by Jamie Drysdale.
8:36 of 1st period - Shot Blocked by Aarne Talvitie.
8:38 of 1st period - Slapshot by Jakub Zboril.
8:38 of 1st period - Shot Blocked by Akito Hirose.
9:14 of 1st period - Snap shot by Anthony Romano.
9:14 of 1st period - Shot Misses the Net.
9:23 of 1st period - Off-side.
9:24 of 1st period - Justin Dowling wins face-off versus Mark Jankowski in neutral zone.
9:57 of 1st period - Chase Wheatcroft is hit by Justin Dowling and loses puck.
12:39 of 1st period - Aarne Talvitie is hit by Scott Sabourin and loses puck.
16:52 of 1st period - Jakub Zboril is hit by Aarne Talvitie.
18:04 of 1st period - Valtteri Puustinen is hit by Max Comtois and loses puck.
18:18 of 1st period - Icing by Philippe Myers.
18:19 of 1st period - Philippe Myers wins face-off versus Brendan Furry in Moose zone.
Goals for this period are 1 for Moose vs 1 for Penguins.
Shots for this period are 5 for Moose vs 2 for Penguins.
2nd period
0:01 of 2nd period - Justin Dowling wins face-off versus Scott Sabourin in neutral zone.
1:03 of 2nd period - Snap shot by Daniel D'Amato.
1:03 of 2nd period - Stopped by Erik Portillo with a rebound.
1:15 of 2nd period - Valtteri Puustinen is hit by Jackson Blake and loses puck.
2:26 of 2nd period - Slapshot by Mark Jankowski.
2:26 of 2nd period - Stopped by Erik Portillo with a rebound.
2:45 of 2nd period - Linus Weissbach is hit by Anthony Romano and loses puck.
2:58 of 2nd period - Off-side.
2:59 of 2nd period - Bokondji Imama wins face-off versus Max Comtois in neutral zone.
3:02 of 2nd period - Wrist shot by Jackson Blake.
3:02 of 2nd period - Stopped by Zach Fucale with a rebound.
3:07 of 2nd period - Off-side.
3:08 of 2nd period - Mark Jankowski wins face-off versus Max Comtois in neutral zone.
3:11 of 2nd period - Snap shot by Valtteri Puustinen.
3:11 of 2nd period - Deflect By Mark Jankowski.
3:11 of 2nd period - Stopped by Erik Portillo with a rebound.
3:13 of 2nd period - Wrist shot by Jakub Zboril.
3:13 of 2nd period - Shot Blocked by Simon Nemec.
4:15 of 2nd period - Snap shot by Justin Dowling.
4:15 of 2nd period - Stopped by Zach Fucale without a rebound.
4:16 of 2nd period - Mark Jankowski wins face-off versus Justin Dowling in Penguins zone.
4:31 of 2nd period - Slapshot by Valtteri Puustinen.
4:31 of 2nd period - Shot Misses the Net.
4:39 of 2nd period - Adam Klapka is hit by Scott Sabourin and loses puck.
5:03 of 2nd period - Minor Penalty to Scott Sabourin for Delaying the game.
5:04 of 2nd period - Justin Dowling wins face-off versus Mark Jankowski in Penguins zone.
6:27 of 2nd period - Ben Gleason is hit by Anthony Romano and loses puck.
6:46 of 2nd period - Philip Kemp is hit by Simon Nemec and loses puck.
7:03 of 2nd period - Penalty to Scott Sabourin is over, Scott Sabourin is back on ice.
7:11 of 2nd period - Wrist shot by Danny O'Regan.
7:11 of 2nd period - Stopped by Erik Portillo without a rebound.
7:12 of 2nd period - Max Comtois wins face-off versus Danny O'Regan in Moose zone.
7:35 of 2nd period - Slapshot by Jamie Drysdale.
7:35 of 2nd period - Stopped by Erik Portillo without a rebound.
7:36 of 2nd period - Mark Jankowski wins face-off versus Justin Dowling in Moose zone.
7:37 of 2nd period - Slapshot by Valtteri Puustinen.
7:37 of 2nd period - Shot Blocked by Philippe Myers.
7:39 of 2nd period - Wrist shot by Mark Jankowski.
7:39 of 2nd period - Stopped by Erik Portillo with a rebound.
7:41 of 2nd period - Slapshot by Jakub Zboril.
7:41 of 2nd period - Shot Blocked by Justin Dowling.
7:43 of 2nd period - Snap shot by Valtteri Puustinen.
7:43 of 2nd period - Stopped by Erik Portillo without a rebound.
7:44 of 2nd period - Justin Dowling wins face-off versus Mark Jankowski in Moose zone.
7:59 of 2nd period - Snap shot by Max Comtois.
7:59 of 2nd period - Stopped by Zach Fucale without a rebound.
8:00 of 2nd period - Max Comtois wins face-off versus Danny O'Regan in Penguins zone.
8:04 of 2nd period - Minor Penalty to Bokondji Imama for Hooking.
8:05 of 2nd period - Mark Jankowski wins face-off versus Justin Dowling in Penguins zone.
9:51 of 2nd period - Markus Niemelainen is hit by Max Comtois and loses puck.
10:04 of 2nd period - Penalty to Bokondji Imama is over, Bokondji Imama is back on ice.
10:16 of 2nd period - Jimmy Schuldt is hit by Ben Tardif and loses puck.
10:31 of 2nd period - Snap shot by Ben Berard.
10:31 of 2nd period - Shot Blocked by Jackson Blake.
10:33 of 2nd period - Slapshot by Keaton Thompson.
10:33 of 2nd period - Shot Misses the Net.
10:43 of 2nd period - Snap shot by Alex Swetlikoff.
10:43 of 2nd period - Shot Misses the Net.
11:13 of 2nd period - Justin Dowling is hit by Ben Berard and loses puck.
11:24 of 2nd period - Minor Penalty to Brendan Furry for Roughing.
11:25 of 2nd period - Mark Jankowski wins face-off versus Justin Dowling in Penguins zone.
11:40 of 2nd period - Adam Klapka is hit by Valtteri Puustinen and loses puck.
13:23 of 2nd period - Danny O'Regan is hit by Buddy Robinson and loses puck.
13:24 of 2nd period - Penalty to Brendan Furry is over, Brendan Furry is back on ice.
16:12 of 2nd period - Snap shot by Brendan Furry.
16:12 of 2nd period - Stopped by Erik Portillo with a rebound.
17:23 of 2nd period - Connor Mackey is hit by Ben Berard and loses puck.
18:12 of 2nd period - Adam Klapka is hit by Philip Kemp and loses puck.
18:36 of 2nd period - Josiah Slavin is hit by Alex Swetlikoff and loses puck.
18:41 of 2nd period - Snap shot by Anthony Romano.
18:41 of 2nd period - Stopped by Erik Portillo without a rebound.
18:42 of 2nd period - Mark Jankowski wins face-off versus Justin Dowling in Moose zone.
19:14 of 2nd period - Slapshot by Jamie Drysdale.
19:14 of 2nd period - Deflect By Linus Weissbach.
19:14 of 2nd period - Stopped by Erik Portillo without a rebound.
19:15 of 2nd period - Danny O'Regan wins face-off versus Justin Dowling in Moose zone.
19:20 of 2nd period - Wrist shot by Danny O'Regan.
19:20 of 2nd period - Shot Misses the Net.
19:22 of 2nd period - Wrist shot by Bokondji Imama.
19:22 of 2nd period - Stopped by Erik Portillo with a rebound.
19:24 of 2nd period - Slapshot by Danny O'Regan.
19:24 of 2nd period - Stopped by Erik Portillo with a rebound.
19:26 of 2nd period - Slapshot by Jamie Drysdale.
19:26 of 2nd period - Shot Blocked by Linus Weissbach.
19:28 of 2nd period - Wrist shot by Jamie Drysdale.
19:28 of 2nd period - Stopped by Erik Portillo with a rebound.
19:30 of 2nd period - Snap shot by Danny O'Regan.
19:30 of 2nd period - Shot Misses the Net.
Goals for this period are 0 for Moose vs 0 for Penguins.
Shots for this period are 3 for Moose vs 13 for Penguins.
3rd period
0:01 of 3rd period - Mark Jankowski wins face-off versus Justin Dowling in neutral zone.
0:22 of 3rd period - Minor Penalty to Scott Sabourin for Holding.
0:23 of 3rd period - Justin Dowling wins face-off versus Mark Jankowski in Penguins zone.
0:32 of 3rd period - Slapshot by Justin Dowling.
0:32 of 3rd period - Shot Blocked by Valtteri Puustinen.
0:34 of 3rd period - Slapshot by Connor Mackey.
0:34 of 3rd period - Stopped by Zach Fucale with a rebound.
0:36 of 3rd period - Wrist shot by Jackson Blake.
0:36 of 3rd period - Goal by Jackson Blake - Moose : 2 - Penguins : 1.
0:37 of 3rd period - Mark Jankowski wins face-off versus Buddy Robinson in neutral zone.
0:52 of 3rd period - Slapshot by Simon Nemec.
0:52 of 3rd period - Stopped by Zach Fucale with a rebound.
1:02 of 3rd period - Snap shot by Sammy Walker.
1:02 of 3rd period - Shot Misses the Net.
1:04 of 3rd period - Snap shot by Jackson Blake.
1:04 of 3rd period - Shot Misses the Net.
1:20 of 3rd period - Slapshot by Valtteri Puustinen.
1:20 of 3rd period - Shot Misses the Net.
1:22 of 3rd period - Slapshot by Jakub Zboril.
1:22 of 3rd period - Shot Blocked by Connor Mackey.
1:26 of 3rd period - Wrist shot by Mark Jankowski.
1:26 of 3rd period - Shot Blocked by Ben Gleason.
1:28 of 3rd period - Slapshot by Valtteri Puustinen.
1:28 of 3rd period - Stopped by Erik Portillo with a rebound.
1:30 of 3rd period - Snap shot by Scott Sabourin.
1:30 of 3rd period - Goal by Scott Sabourin - Moose : 2 - Penguins : 2.
1:31 of 3rd period - Max Comtois wins face-off versus Danny O'Regan in neutral zone.
2:25 of 3rd period - Icing by Jamie Drysdale.
2:26 of 3rd period - Aarne Talvitie wins face-off versus Alex Swetlikoff in Penguins zone.
2:27 of 3rd period - Wrist shot by Linus Weissbach.
2:27 of 3rd period - Stopped by Zach Fucale without a rebound.
2:28 of 3rd period - Mark Jankowski wins face-off versus Max Comtois in Penguins zone.
2:53 of 3rd period - Danny O'Regan is hit by Adam Klapka and loses puck.
3:19 of 3rd period - Brendan Furry is hit by Jackson Blake and loses puck.
3:42 of 3rd period - Slapshot by Philip Kemp.
3:42 of 3rd period - Deflect By Anthony Romano.
3:42 of 3rd period - Shot Misses the Net.
3:42 of 3rd period - Puck is out of play.
3:43 of 3rd period - Mark Jankowski wins face-off versus Max Comtois in Moose zone.
3:44 of 3rd period - Snap shot by Valtteri Puustinen.
3:44 of 3rd period - Shot Blocked by Simon Nemec.
3:51 of 3rd period - Philippe Myers is hit by Mark Jankowski and loses puck.
3:58 of 3rd period - Minor Penalty to Scott Sabourin for Holding.
3:59 of 3rd period - Mark Jankowski wins face-off versus Justin Dowling in Penguins zone.
4:10 of 3rd period - Slapshot by Simon Nemec.
4:10 of 3rd period - Stopped by Zach Fucale with a rebound.
4:12 of 3rd period - Wrist shot by Connor Mackey.
4:12 of 3rd period - Stopped by Zach Fucale without a rebound.
4:13 of 3rd period - Justin Dowling wins face-off versus Mark Jankowski in Penguins zone.
4:16 of 3rd period - Slapshot by Justin Dowling.
4:16 of 3rd period - Shot Misses the Net.
4:18 of 3rd period - Snap shot by Simon Nemec.
4:18 of 3rd period - Shot Blocked by Valtteri Puustinen.
4:20 of 3rd period - Snap shot by Adam Klapka.
4:20 of 3rd period - Shot Blocked by Markus Niemelainen.
4:24 of 3rd period - Slapshot by Simon Nemec.
4:24 of 3rd period - Shot Blocked by Jakub Zboril.
4:26 of 3rd period - Wrist shot by Jackson Blake.
4:26 of 3rd period - Shot Misses the Net.
4:28 of 3rd period - Backhand shot by Connor Mackey.
4:28 of 3rd period - Shot Blocked by Valtteri Puustinen.
5:58 of 3rd period - Penalty to Scott Sabourin is over, Scott Sabourin is back on ice.
6:22 of 3rd period - Linus Weissbach is hit by Chase Wheatcroft and loses puck.
6:45 of 3rd period - Aarne Talvitie is hit by Daniel D'Amato and loses puck.
7:46 of 3rd period - Buddy Robinson is hit by Danny O'Regan and loses puck.
7:51 of 3rd period - Wrist shot by Danny O'Regan.
7:51 of 3rd period - Shot Misses the Net.
7:53 of 3rd period - Snap shot by Ben Tardif.
7:53 of 3rd period - Shot Misses the Net.
8:19 of 3rd period - Chad Nychuk is hit by Connor Mackey and loses puck.
9:47 of 3rd period - Connor Mackey is hit by Valtteri Puustinen and loses puck.
10:26 of 3rd period - Simon Nemec is hit by Danny O'Regan and loses puck.
10:56 of 3rd period - Akito Hirose is hit by Markus Niemelainen and loses puck.
11:10 of 3rd period - Icing by Jimmy Schuldt.
11:11 of 3rd period - Aarne Talvitie wins face-off versus Valtteri Puustinen in Moose zone.
11:41 of 3rd period - Slapshot by Jamie Drysdale.
11:41 of 3rd period - Stopped by Erik Portillo with a rebound.
11:43 of 3rd period - Wrist shot by Chase Wheatcroft.
11:43 of 3rd period - Shot Misses the Net.
11:45 of 3rd period - Snap shot by Brendan Furry.
11:45 of 3rd period - Shot Blocked by Buddy Robinson.
11:47 of 3rd period - Slapshot by Markus Niemelainen.
11:47 of 3rd period - Deflect By Brendan Furry.
11:47 of 3rd period - Shot Blocked by Simon Nemec.
11:47 of 3rd period - Puck is out of play.
11:48 of 3rd period - Justin Dowling wins face-off versus Ben Berard in Moose zone.
12:13 of 3rd period - Snap shot by Danny O'Regan.
12:13 of 3rd period - Shot Misses the Net.
12:29 of 3rd period - Wrist shot by Chase Wheatcroft.
12:29 of 3rd period - Stopped by Erik Portillo without a rebound.
12:30 of 3rd period - Justin Dowling wins face-off versus Brendan Furry in Moose zone.
12:50 of 3rd period - Minor Penalty to Scott Sabourin for Diving.
12:51 of 3rd period - Justin Dowling wins face-off versus Mark Jankowski in Penguins zone.
12:51 of 3rd period - Slapshot by Jackson Blake.
12:51 of 3rd period - Stopped by Zach Fucale with a rebound.
13:01 of 3rd period - Jakub Zboril is hit by Adam Klapka.
13:23 of 3rd period - Snap shot by Mark Jankowski.
13:23 of 3rd period - Shot Misses the Net.
13:55 of 3rd period - Valtteri Puustinen is hit by Ben Gleason and loses puck.
14:50 of 3rd period - Penalty to Scott Sabourin is over, Scott Sabourin is back on ice.
15:44 of 3rd period - Icing by Keaton Thompson.
15:45 of 3rd period - Danny O'Regan wins face-off versus Justin Dowling in Penguins zone.
16:13 of 3rd period - Icing by Simon Nemec.
16:14 of 3rd period - Mark Jankowski wins face-off versus Jackson Blake in Moose zone.
16:39 of 3rd period - Slapshot by Simon Nemec.
16:39 of 3rd period - Goal by Simon Nemec - Moose : 3 - Penguins : 2.
16:40 of 3rd period - Justin Dowling wins face-off versus Brendan Furry in neutral zone.
16:48 of 3rd period - Icing by Markus Niemelainen.
16:49 of 3rd period - Justin Dowling wins face-off versus Brendan Furry in Penguins zone.
16:52 of 3rd period - Snap shot by Max Comtois.
16:52 of 3rd period - Stopped by Zach Fucale without a rebound.
16:53 of 3rd period - Buddy Robinson wins face-off versus Brendan Furry in Penguins zone.
18:52 of 3rd period - Snap shot by Chase Wheatcroft.
18:52 of 3rd period - Deflect By Ben Berard.
18:52 of 3rd period - Stopped by Erik Portillo without a rebound.
18:53 of 3rd period - Mark Jankowski wins face-off versus Justin Dowling in Moose zone.
18:58 of 3rd period - Wrist shot by Mark Jankowski.
18:58 of 3rd period - Shot Misses the Net.
19:00 of 3rd period - Penguins, Zach Fucale is pulled from the net.
19:00 of 3rd period - Snap shot by Jakub Zboril.
19:00 of 3rd period - Stopped by Erik Portillo with a rebound.
19:02 of 3rd period - Wrist shot by Mark Jankowski.
19:02 of 3rd period - Stopped by Erik Portillo without a rebound.
19:03 of 3rd period - Marco Sturm call a timeout for Penguins.
19:03 of 3rd period - Mark Jankowski wins face-off versus Justin Dowling in Moose zone.
19:06 of 3rd period - Wrist shot by Valtteri Puustinen.
19:06 of 3rd period - Shot Blocked by Buddy Robinson.
19:08 of 3rd period - Wrist shot by Mark Jankowski.
19:08 of 3rd period - Stopped by Erik Portillo with a rebound.
19:10 of 3rd period - Snap shot by Valtteri Puustinen.
19:10 of 3rd period - Deflect By Mark Jankowski.
19:10 of 3rd period - Shot Misses the Net.
19:10 of 3rd period - Puck is out of play.
19:11 of 3rd period - Justin Dowling wins face-off versus Mark Jankowski in Moose zone.
19:13 of 3rd period - Minor Penalty to Max Comtois for Hooking.
19:14 of 3rd period - Justin Dowling wins face-off versus Mark Jankowski in Moose zone.
19:28 of 3rd period - Slapshot by Mark Jankowski.
19:28 of 3rd period - Shot Blocked by Ben Gleason.
19:30 of 3rd period - Slapshot by Mark Jankowski.
19:30 of 3rd period - Stopped by Erik Portillo with a rebound.
Goals for this period are 2 for Moose vs 1 for Penguins.
Shots for this period are 9 for Moose vs 9 for Penguins.